 Dungeon Crawl Stone Soup version 0.25-a0-589-g1e14c54 (webtiles) character file.

Game seed: 1740266028151252480, levelgen mode: deterministic

9706 Faels the Cruncher (level 11, -4/72 HPs)
             Began as a Demonspawn Assassin on Mar 11, 2020.
             Was a High Priest of Okawaru.
             Splashed by a brown ugly thing's acid (7 damage)
             ... on level 10 of the Dungeon.
             The game lasted 00:32:53 (12242 turns).

Faels the Cruncher (Demonspawn Assassin)           Turns: 12242, Time: 00:32:53

Health: -4/72      AC: 22    Str: 13    XL:     11   Next: 26%
Magic:  5/11       EV:  6    Int: 15    God:    Okawaru [*****.]
Gold:   271        SH:  0    Dex: 17    Spells: 10/10 levels left

rFire    . . .     SeeInvis .   i - +4 quarterstaff
rCold    . . .     Gourm    .   (shield currently unavailable)
rNeg     + . .     Faith    .   z - +8 plate armour of Mejimiung {-Cast rElec rN+ MR+ Int+3}
rPois    .         Spirit   .   (helmet restricted)
rElec    +         Reflect  .   c - +0 cloak
rCorr    .         Harm     .   x - +2 pair of gloves
MR       +....     Clarity  +   n - +0 pair of boots Stlth ..........NoCast +
                                g - amulet of regeneration
HPRegen  0.62/turn              (no ring)
MPRegen  0.12/turn              (no ring)

@: corroded
A: horns 1, icy blue scales 2, clarity, powered by death 2, spiny 1, evolution 1
a: Heroism, Finesse, Renounce Religion


You were on level 10 of the Dungeon.
You worshipped Okawaru.
Okawaru was extremely pleased with you.
You were not hungry.

You visited 2 branches of the dungeon, and saw 11 of its levels.
You also visited: Sewer.

You collected 638 gold pieces.
You spent 367 gold pieces at shops.

Inventory:

Hand Weapons
 i - a +4 quarterstaff (weapon)
 G - a +1 dagger of venom
 K - a +2 dagger of draining
 P - a +1 hand axe of flaming
Missiles
 d - 34 poisoned darts (quivered)
 e - 2 curare-tipped darts
 D - 6 datura-tipped darts
 J - 18 boomerangs
 R - 2 javelins
Armour
 b - a +0 robe
 c - a +0 cloak (worn)
 j - a +0 leather armour
 n - a +0 pair of boots (worn)
 p - a +0 ring mail
 x - a +2 pair of gloves (worn)
 z - the +8 plate armour of Mejimiung (worn) {-Cast rElec rN+ MR+ Int+3}
   (You found it on level 5 of the Dungeon)

   It affects your intelligence (+3).
   It insulates you from electricity.
   It protects you from negative energy.
   It affects your resistance to hostile enchantments.
   It prevents spellcasting.
 U - a +0 troll leather armour
Jewellery
 g - an amulet of regeneration (around neck)
Wands
 w - a wand of iceblast (1)
 y - a wand of disintegration (15)
 E - a wand of flame (7)
 T - a wand of digging (2)
Scrolls
 a - a scroll of fear
 h - 8 scrolls of remove curse
 k - a scroll of random uselessness {unknown}
 m - 3 scrolls of immolation
 q - 3 scrolls of identify
 u - 11 scrolls of teleportation
 H - a scroll of noise
 L - a scroll of fog
Potions
 l - 2 potions of resistance
 r - 2 potions of brilliance
 s - 3 potions of lignification
 t - 2 potions of curing
 v - a potion of might
 A - 3 potions of flight
 B - 2 potions of ambrosia
 I - 2 potions of stabbing
 O - a potion of haste {unknown}
 Q - 3 potions of heal wounds
Comestibles
 f - 16 rations
 o - a chunk of flesh


   Skills:
 - Level 2.0 Fighting
 - Level 6.6 Short Blades
 * Level 12.1 Staves
 - Level 1.7 Throwing
 + Level 8.2 Dodging
 - Level 4.2 Stealth


You had 10 spell levels left.
You didn't know any spells.
Your spell library contained the following spells:

 Spells                   Type           Power        Failure   Level  Hunger
 Animate Skeleton         Necr           N/A          100%        1    ##.....
 Apportation              Tloc           #.....       100%        1    ##.....
 Corona                   Hex            #......      100%        1    ##.....
 Summon Butterflies       Summ           #.......     100%        1    ##.....
 Summon Small Mammal      Summ           #...         100%        1    ##.....
 Lesser Beckoning         Tloc           #.........   100%        3    ####...
 Tukima's Dance           Hex            #.......     100%        3    ####...
 Alistair's Intoxication  Tmut/Pois      #.......     100%        5    ######.
 Irradiate                Conj/Tmut      #.........   100%        5    ######.
 Hydra Form               Tmut           #.........   100%        6    #######
 Invisibility             Hex            #.......     100%        6    #######
 Statue Form              Tmut/Erth      #........    100%        6    #######
 Dragon Form              Tmut           #.........   100%        7    #######


Dungeon Overview and Level Annotations

Branches:
Dungeon (10/15)            Temple (1/1) D:4           Sewer (visited)
   Lair: D:8-11         Orc: D:9-12

Altars:
Ashenzari
Cheibriados
Dithmenos
Elyvilon
Fedhas
Gozag
Hepliaklqana
Kikubaaqudgha
Makhleb
Nemelex Xobeh
Okawaru
Qazlal
Ru
Sif Muna
Trog
Uskayaw
Vehumet
Wu Jian
Xom
Yredelemnul
Zin
The Shining One

Shops:
D:8 ?

Annotations:
D:10 exclusion: ice statue


Innate Abilities, Weirdness & Mutations

You have a pair of small horns on your head.
You are mostly covered in icy blue scales. (AC +3)
You regenerate health from kills.
You are partially covered in sharp spines.
You possess an exceptional clarity of mind.
You evolve.


Message History

The red ugly thing is heavily wounded.
Your hands slow down.
The brown ugly thing gores you but does no damage.
You closely miss the red ugly thing.
The red ugly thing is heavily wounded.
The red ugly thing trunk-slaps you but does no damage.
You sock the red ugly thing!
The red ugly thing is severely wounded.
The brown ugly thing gores you!
You are splashed with acid!
You sock the red ugly thing!
The red ugly thing is almost dead.
The white ugly thing is struck by your spines.
The white ugly thing stings you. The white ugly thing freezes you!!
* * * LOW HITPOINT WARNING * * *
The red ugly thing is struck by your spines.
The red ugly thing trunk-slaps you but does no damage.
The brown ugly thing gores you.
* * * LOW HITPOINT WARNING * * *
The acid corrodes you!
You are splashed with acid!
You die...

...............# #.....#
...............# #.....#
....######.....#######.....#
....# #.................######
....# #........######.........
....# #.########....#.#####'#.
....# #.#...........#.#.....#.
....# #.###.........#.#.....#.
....# #..#..†@u..#..#.#.....#.
....# #..###'uu###..#.#######.
....######..#.!(....#..#.........
............#.#...#.#..#..##'###.
............#...#...#..#..#....+.
............#.#...#§#..#..#....#.
###.........##!#.#.##..##.#....#.
..#......... .# . # #...#.#....#>
..#......... #...#.#....#.


You could see 3 ugly things.

Vanquished Creatures
  A two-headed ogre (D:9)
  A glowing orange brain (D:10)
  An obsidian statue (D:10)
  Pikel (D:8)
  2 ugly things (D:10)
  A troll (D:9)
  Prince Ribbit (D:8)
  3 hippogriffs
  A wyvern (D:9)
  5 yaks
  Grum (D:10)
  A water moccasin (D:10)
  3 orc warriors
  3 ice beasts
  2 sky beasts
  A necrophage (D:8)
  A slave (D:8)
  5 ogres
  4 wolves (D:10)
  4 centaurs
  A crocodile (D:7)
  2 big kobolds
  5 bullfrogs
  A gnoll sergeant (D:9)
  6 scorpions
  A howler monkey (D:9)
  3 crimson imps
  A centaur zombie (D:8)
  7 hounds
  6 jellies
  A centaur skeleton (D:5)
  A bullfrog skeleton (D:7)
  7 orc priests
  17 orc wizards
  4 iguanas
  Natasha (thrice) (D:3)
  4 worker ants
  2 merfolk sirens (Sewer)
  A merfolk avatar (Sewer)
  A hound zombie (D:7)
  A howler monkey skeleton (D:4)
  A worker ant zombie (D:8)
  8 gnolls
  15 adders
  3 river rats
  2 shadow imps
  3 oozes
  2 adder skeletons
  5 worms
  2 dart slugs
  7 leopard geckos
  51 orcs
  11 bats
  9 giant cockroaches
  13 goblins
  11 hobgoblins
  11 jackals
  A quokka (D:6)
  6 ball pythons
  13 frilled lizards
  17 kobolds
  A quokka skeleton (D:4)
  39 rats
348 creatures vanquished.

Vanquished Creatures (others)
  A slave (D:8)
1 creature vanquished.

Grand Total: 349 creatures vanquished

Notes
Turn   | Place    | Note
-------+----------+-------------------------------------------
     0 | D:1      | Faels the Demonspawn Assassin began the quest for the Orb.
     0 | D:1      | Reached XP level 1. HP: 16/16 MP: 1/1
    78 | D:1      | Reached skill level 1 in Dodging
   289 | D:1      | Gained mutation: You are partially covered in sharp spines.
                  | [demonic ancestry]
   289 | D:1      | Reached XP level 2. HP: 22/22 MP: 2/2
   648 | D:1      | Gained mutation: You regenerate a little health from kills.
                  | [demonic ancestry]
   648 | D:1      | Reached XP level 3. HP: 24/27 MP: 3/3
  1315 | D:2      | Reached XP level 4. HP: 22/33 MP: 4/4
  1856 | D:2      | Found a blossoming altar of Fedhas.
  2101 | D:2      | Found an ancient bone altar of Kikubaaqudgha.
  2537 | D:3      | Reached skill level 1 in Staves
  2704 | D:3      | Found a faded altar of an unknown god.
  2759 | D:3      | Noticed Natasha
  2777 | D:3      | Killed Natasha
  2777 | D:3      | Reached XP level 5. HP: 7/38 MP: 5/5
  2779 | D:3      | Reached skill level 2 in Staves
  2782 | D:3      | Gained mutation: You have supernaturally acute eyesight.
                  | (SInv) [potion of mutation]
  2782 | D:3      | Gained mutation: You expend magic power (3 MP) to
                  | strengthen your wands. [potion of mutation]
  2870 | D:3      | Reached skill level 3 in Staves
  3268 | D:3      | Gained mutation: You regenerate health from kills. [demonic
                  | ancestry]
  3268 | D:3      | Reached XP level 6. HP: 43/44 MP: 6/6
  3512 | D:3      | Reached skill level 4 in Staves
  3633 | D:3      | Noticed Natasha
  3637 | D:3      | Killed Natasha
  4113 | D:3      | Noticed Natasha
  4123 | D:3      | Killed Natasha
  4200 | D:4      | Found a sparkling altar of Nemelex Xobeh.
  4736 | D:4      | Gained mutation: You are partially covered in icy blue
                  | scales. (AC +2) [demonic ancestry]
  4736 | D:4      | Reached XP level 7. HP: 49/50 MP: 7/7
  5108 | D:4      | Found a staircase to the Ecumenical Temple.
  5155 | Temple   | Entered the Ecumenical Temple
  5318 | Temple   | Became a worshipper of Warmaster Okawaru
  5548 | D:4      | Reached skill level 5 in Short Blades
  5948 | D:5      | Entered Level 5 of the Dungeon
  6007 | D:5      | Reached * piety under Okawaru
  6036 | D:5      | Reached XP level 8. HP: 43/56 MP: 8/8
  6181 | D:5      | Got an aquamarine-encrusted plate armour
  6182 | D:5      | Identified the +8 plate armour of Mejimiung {-Cast rElec
                  | rN+ MR+ Int+3} (You found it on level 5 of the Dungeon)
  6256 | D:5      | Reached skill level 5 in Staves
  6366 | D:5      | Found a glowing drain.
  6370 | Sewer    | Entered a sewer
  7228 | D:5      | Reached skill level 6 in Staves
  7631 | D:6      | Reached ** piety under Okawaru
  7831 | D:6      | Reached skill level 7 in Staves
  8005 | D:6      | Gained mutation: You are mostly covered in icy blue scales.
                  | (AC +3) [demonic ancestry]
  8005 | D:6      | Reached XP level 9. HP: 61/61 MP: 9/9
  8787 | D:7      | Reached skill level 8 in Staves
  8804 | D:7      | Reached *** piety under Okawaru
  8840 | D:7      | Reached skill level 5 in Dodging
  8994 | D:7      | Reached skill level 9 in Staves
  9187 | D:7      | Reached **** piety under Okawaru
  9243 | D:8      | Found Buuf Bag's Magic Scroll Shop.
  9288 | D:8      | Bought a scroll of remove curse for 45 gold pieces
  9288 | D:8      | Bought a scroll of fog for 30 gold pieces
  9288 | D:8      | Bought a scroll of teleportation for 45 gold pieces
  9288 | D:8      | Bought a scroll of teleportation for 45 gold pieces
  9288 | D:8      | Bought a scroll of remove curse for 45 gold pieces
  9288 | D:8      | Bought a scroll of enchant weapon for 112 gold pieces
  9288 | D:8      | Bought a scroll of teleportation for 45 gold pieces
  9296 | D:8      | Noticed Pikel
  9322 | D:8      | Killed Pikel
  9322 | D:8      | Reached XP level 10. HP: 55/67 MP: 10/10
  9473 | D:8      | Noticed Prince Ribbit
  9487 | D:8      | Killed Prince Ribbit
 10112 | D:9      | Reached skill level 10 in Staves
 10355 | D:8      | Received a gift from Okawaru
 10468 | D:9      | Noticed a two-headed ogre
 10475 | D:9      | Killed a two-headed ogre
 10475 | D:9      | Reached ***** piety under Okawaru
 10588 | D:9      | Reached skill level 11 in Staves
 11436 | D:10     | Entered Level 10 of the Dungeon
 11505 | D:10     | Found a stormy altar of Qazlal.
 11629 | D:10     | Lost mutation: You expend magic power (3 MP) to strengthen
                  | your wands. [potion of mutation]
 11629 | D:10     | Lost mutation: You have supernaturally acute eyesight.
                  | (SInv) [potion of mutation]
 11629 | D:10     | Gained mutation: You have sharp toenails. [potion of
                  | mutation]
 11629 | D:10     | Gained mutation: You are clumsy. (Dex -2) [potion of
                  | mutation]
 11629 | D:10     | Gained mutation: You have a pair of small horns on your
                  | head. [potion of mutation]
 11630 | D:10     | Lost mutation: You are clumsy. (Dex -2) [potion of
                  | mutation]
 11630 | D:10     | Lost mutation: You have a pair of small horns on your head.
                  | [potion of mutation]
 11630 | D:10     | Lost mutation: You have sharp toenails. [potion of
                  | mutation]
 11630 | D:10     | Gained mutation: You possess an exceptional clarity of
                  | mind. [potion of mutation]
 11630 | D:10     | Gained mutation: You evolve. [potion of mutation]
 11638 | D:10     | Noticed an obsidian statue
 11773 | D:10     | Noticed an ice statue
 11827 | D:10     | Killed an obsidian statue
 11827 | D:10     | Gained mutation: You have a pair of small horns on your
                  | head. [demonic ancestry]
 11827 | D:10     | Reached XP level 11. HP: 72/72 MP: 2/11
 11906 | D:10     | Noticed Grum
 11994 | D:10     | Killed Grum
 12200 | D:10     | Found a runed translucent gate.
 12200 | D:10     | Found a runed translucent gate.
 12200 | D:10     | Found a runed translucent gate.
 12200 | D:10     | Noticed a purple ugly thing
 12200 | D:10     | Noticed a brown ugly thing
 12200 | D:10     | Noticed a brown ugly thing
 12200 | D:10     | Noticed a cyan ugly thing
 12200 | D:10     | Noticed a glowing orange brain
 12200 | D:10     | Noticed a white ugly thing
 12216 | D:10     | Killed a glowing orange brain
 12216 | D:10     | Received a gift from Okawaru
 12223 | D:10     | Killed a brown ugly thing
 12223 | D:10     | Reached skill level 12 in Staves
 12229 | D:10     | Killed a cyan ugly thing
 12242 | D:10     | HP: 3/72 [brown ugly thing (4)]
 12242 | D:10     | Splashed by a brown ugly thing's acid

Levels and vault maps discovered:
D:1:      dpeg_arrival_rooms_b, layout_basic
D:2:      layout_basic, old_standard_altar, fedhas_altar_fruit_tree
D:3:      layout_basic, chequers_ecumenical_altar_simple, grunt_ministairs_4,
          chequers_serial_rivers_micro_d, uniq_natasha
D:4:      layout_cave_pods, minmay_temple_entry_mist, first_ration,
          serial_column_ruins, column_ruins_hut_ruined,
          column_ruins_temple_hall, column_ruins_open_medium,
          column_ruins_grid_4, column_ruins_columns_dead_end,
          column_ruins_columns_straight
D:5:      layout_basic, portal_sewer_entry_e
D:6:      layout_basic, minmay_fractal_squares_5
D:7:      layout_rooms, grunt_ogre_cave
D:8:      layout_basic, serial_shops,
          nicolae_shop_temple_entry_statues_fountains, uniq_prince_ribbit1,
          uniq_pikel
D:9:      layout_loops_ring
D:10:     minmay_separated_statues, layout_irregular_city,
          ploomutoo_gammafunk_ghost_potion_laboratory, grunt_qazlal_clouds,
          uniq_grum
Temple:   roderic_octagonal_lattice_temple

Skill      XL: |  1  2  3  4  5  6  7  8  9 10 11 |
---------------+----------------------------------+-----
Dodging        | 1 2 3 5 7 8 |  8.2
Short Blades   | 2 3 6 |  6.6
Stealth        | 4 |  4.2
Staves         | 1 3 4 7 9 11 12 | 12.1
Fighting       | |  2.0
Throwing       | |  1.7

Action                   |  1- 3 |  4- 6 |  7- 9 | 10-12 || total
-------------------------+-------+-------+-------+-------++-------
Melee: Dagger            |   141 |   109 |    80 |       ||   330
       Quarterstaff      |       |    62 |   404 |   278 ||   744
       Headbutt          |       |       |       |    14 ||    14
Throw: Dart              |       |     3 |    19 |     7 ||    29
Invok: Heroism           |       |       |       |     6 ||     6
       Finesse           |       |       |       |     3 ||     3
Evoke: Wand              |       |       |     2 |     1 ||     3
  Use: Scroll            |       |     2 |    10 |     6 ||    18
       Potion            |       |     4 |     2 |     3 ||     9
 Stab: Sleeping          |     4 |     3 |     3 |       ||    10
  Eat: Chunk             |     1 |    11 |    12 |     6 ||    30
       Ration            |       |       |     1 |     1 ||     2
Armor: Robe              |    12 |       |       |       ||    12
       Leather armour    |    17 |       |       |       ||    17
       Ring mail         |    13 |    33 |    18 |       ||    64
       Plate armour      |       |       |   336 |   230 ||   566
Dodge: Dodged            |    75 |    77 |   112 |    77 ||   341

Table legend:
 A = Non-vault XP
 B = Vault XP
 C = Vault XP percentage of total XP
 D = Non-vault monster count
 E = Vault monster count
 F = Vault count percentage of total count
                 A         B        C        D         E       F
            +---------+---------+-------+---------+---------+-------
      Total |    9205 |    4661 |  33.6 |     274 |      73 |  21.0
            +---------+---------+-------+---------+---------+-------
        D:1 |      68 |       0 |   0.0 |      36 |       0 |   0.0
        D:2 |      81 |       0 |   0.0 |      22 |       0 |   0.0
        D:3 |     385 |      36 |   8.6 |      41 |       2 |   4.7
        D:4 |     457 |       0 |   0.0 |      27 |       0 |   0.0
        D:5 |     934 |      25 |   2.6 |      28 |       8 |  22.2
        D:6 |     901 |     156 |  14.8 |      18 |       7 |  28.0
        D:7 |    1554 |     121 |   7.2 |      32 |       1 |   3.0
        D:8 |    1297 |     894 |  40.8 |      26 |       2 |   7.1
        D:9 |    2853 |      45 |   1.6 |      34 |       1 |   2.9
       D:10 |     675 |    3194 |  82.6 |      10 |       9 |  47.4
      Sewer |       0 |     190 | 100.0 |       0 |      43 | 100.0
            +---------+---------+-------+---------+---------+-------
